 Dungeon Crawl Stone Soup version 0.26-a0-854-gdc81c2f471 (webtiles) character file.

Game seed: 364795497842442704

9842 iamoutofideas the Grappler (level 11, -3/111 HPs)
             Began as a Troll Hunter on Nov 22, 2020.
             Was an Elder of Okawaru.
             Slain by a cyclops (23 damage)
             ... on level 11 of the Dungeon.
             The game lasted 00:10:05 (7953 turns).

iamoutofideas the Grappler (Troll Hunter)           Turns: 7953, Time: 00:10:06

Health: -3/111     AC: 13    Str: 25    XL:     11   Next: 28%
Magic:  10/10      EV: 13    Int:  7    God:    Okawaru [****..]
Gold:   561        SH:  0    Dex: 10    Spells: 10/10 levels left

rFire    . . .     SeeInvis .     - Unarmed
rCold    . . .     Faith    .   (no shield)
rNeg     + . .     Spirit   .   w - +0 troll leather armour
rPois    +         Reflect  .   E - +2 hat
rElec    .         Harm     .   b - +2 cloak {Stlth+}
rCorr    .         Rampage  .   (gloves unavailable)
MR       .....                  (boots unavailable)
Stlth    +.........             m - amulet of regeneration
HPRegen  1.48/turn              r - ring of poison resistance
MPRegen  0.12/turn              e - ring of positive energy

@: no status effects
A: large, unfitting armour, claws 3, regeneration 1, shaggy fur 1, tough skin 3
a: Heroism, Renounce Religion


You were on level 11 of the Dungeon.
You worshipped Okawaru.
Okawaru was greatly pleased with you.
You visited 2 branches of the dungeon, and saw 12 of its levels.

You collected 561 gold pieces.

Inventory:

Missiles
 c - 14 large rocks
 d - 3 throwing nets (quivered)
 I - 21 poisoned darts
 J - 3 javelins
Armour
 b - a +2 cloak of stealth (worn)
 t - a +2 robe of positive energy
 w - a +0 troll leather armour (worn)
 y - a scarf of repulsion
 E - a +2 hat (worn)
 G - +0 acid dragon scales
Jewellery
 e - a ring of positive energy (right claw)
 m - an amulet of regeneration (around neck)
 r - a ring of poison resistance (left claw)
Wands
 f - a wand of enslavement (4)
 s - a wand of flame (42)
 B - a wand of random effects (12)
Scrolls
 a - a scroll of fear
 h - 9 scrolls of teleportation
 i - 6 scrolls of remove curse
 l - a scroll of enchant weapon
 u - 2 scrolls of amnesia
 A - 3 scrolls of fog
 D - 4 scrolls of identify
Potions
 g - a potion of heal wounds
 j - a potion of haste
 k - 6 potions of might
 n - 7 potions of curing
 o - a potion of lignification {unknown}
 p - 2 potions of resistance
 q - a potion of berserk rage {unknown}
 v - 2 potions of brilliance
 x - 5 potions of flight
 z - 2 potions of invisibility {unknown}
 C - 3 potions of magic
 F - a potion of experience {unknown}
 H - 3 potions of attraction {unknown}


   Skills:
 - Level 8.2 Fighting
 - Level 7.0 Throwing
 + Level 8.0 Dodging
 - Level 0.3 Stealth
 - Level 10.0 Unarmed Combat


You had 10 spell levels left.
You didn't know any spells.
Your spell library contained the following spells:

 Spells                   Type           Power        Failure   Level
 Magic Dart               Conj           #...         47%         1
 Searing Ray              Conj           #.....       63%         2
 Dazzling Flash           Conj/Hex       #.....       85%         3
 Fulminant Prism          Conj/Hex       #.........   99%         4
 Iskenderun's Mystic Bla  Conj/Tloc      #.......     99%         4


Dungeon Overview and Level Annotations

Branches:
Dungeon (11/15)            Temple (1/1) D:6            Lair (0/6) D:10
    Orc: D:9-12

Altars:
Ashenzari
Cheibriados
Dithmenos
Elyvilon
Fedhas
Gozag
Hepliaklqana
Kikubaaqudgha
Makhleb
Nemelex Xobeh
Okawaru
Qazlal
Ru
Sif Muna
Trog
Uskayaw
Vehumet
Wu Jian
Xom
Yredelemnul
Zin
The Shining One


Innate Abilities, Weirdness & Mutations

You are too large for most types of armour.
You have claws for hands.
Your natural rate of healing is unusually fast.
You are covered in fur. (AC +1)
You have extremely tough skin. (AC +3)


Message History

The ogre mage gestures wildly while chanting.
The ogre mage blinks!
The cyclops throws a large rock.
The large rock completely misses you. The cyclops barely misses you.
The ogre mage points at you and mumbles some strange words.
The bolt of cold hits you!!
You barely miss the ogre mage.
A four-headed hydra comes into view.
The cyclops hits you!!
You scratch the ogre mage.
The ogre mage is lightly wounded.
The ogre mage points at you and mumbles some strange words.
The bolt of fire hits you.
You mangle the ogre mage!!
The ogre mage is moderately wounded.
The ogre mage points at you and mumbles some strange words.
The crystal spear hits you!!!
* * * LOW HITPOINT WARNING * * *
The cyclops hits you!!
You die...

.........#....#......#
........#......###..#
. #(....## ...# ..
#...#.# .#.# ...
#.....# #.# ....
#..#### . ..... #.##
......#.# .......@#
######.COD..# #....###
####... ####


You could see a four-headed hydra, an ogre mage and a cyclops.

Vanquished Creatures
  4 two-headed ogres
  An ugly thing (D:9)
  Maurice (D:8)
  A komodo dragon (D:10)
  2 trolls (D:9)
  Prince Ribbit (D:6)
  Sigmund (D:5)
  A wraith (D:10)
  A wyvern (D:10)
  2 basilisks (D:10)
  An acid dragon (D:10)
  2 ice beasts
  Purgy (D:3)
  5 orc warriors
  A phantom (D:11)
  4 ogres
  5 centaurs
  2 big kobolds (D:7)
  A gnoll sergeant (D:10)
  7 bullfrogs
  6 scorpions
  3 killer bees (D:7)
  10 wights
  A bullfrog zombie (D:7)
  A centaur skeleton (D:5)
  6 hounds
  5 jellies
  3 bullfrog skeletons
  9 orc priests
  13 orc wizards
  Crazy Yiuf (D:7)
  2 iguanas
  Natasha (thrice) (D:3)
  9 worker ants
  A hound zombie (D:4)
  3 hound skeletons
  A howler monkey zombie (D:4)
  4 worker ant zombies
  4 gnolls (D:10)
  10 adders
  A white imp (D:7)
  An ufetubus (D:5)
  An ooze (D:3)
  4 adder skeletons
  A worm (D:2)
  2 dart slugs
  A leopard gecko (D:5)
  48 orcs
  2 ball pythons
  3 giant cockroaches
  7 goblins
  8 hobgoblins
  7 jackals
  3 quokkas
  A ball python skeleton (D:4)
  7 bats
  6 frilled lizards
  A giant cockroach zombie (D:4)
  A jackal skeleton (D:5)
  A jackal zombie (D:7)
  19 kobolds
  A leopard gecko skeleton (D:4)
  A leopard gecko zombie (D:5)
  2 quokka zombies (D:4)
  11 rats
279 creatures vanquished.

Vanquished Creatures (others)
  A fungus (D:7)
1 creature vanquished.

Grand Total: 280 creatures vanquished

Notes
Turn   | Place    | Note
-------+----------+-------------------------------------------
     0 | D:1      | iamoutofideas the Troll Hunter began the quest for the Orb.
     0 | D:1      | Reached XP level 1. HP: 19/19 MP: 0/0
    97 | D:1      | Reached skill level 1 in Unarmed Combat
   145 | D:1      | Reached XP level 2. HP: 27/27 MP: 1/1
   212 | D:1      | Reached skill level 2 in Unarmed Combat
   687 | D:2      | Reached XP level 3. HP: 33/33 MP: 2/2
   710 | D:2      | Reached skill level 3 in Unarmed Combat
   817 | D:2      | Reached XP level 4. HP: 22/41 MP: 3/3
   822 | D:2      | Reached skill level 4 in Unarmed Combat
  1181 | D:3      | Noticed Purgy
  1190 | D:3      | Killed Purgy
  1191 | D:3      | Reached skill level 5 in Unarmed Combat
  1191 | D:3      | Reached XP level 5. HP: 46/48 MP: 4/4
  1332 | D:3      | Noticed Natasha
  1336 | D:3      | Killed Natasha
  1337 | D:3      | Reached XP level 6. HP: 55/55 MP: 5/5
  1419 | D:3      | Reached skill level 6 in Unarmed Combat
  1479 | D:3      | Noticed Natasha
  1498 | D:3      | Killed Natasha
  1591 | D:3      | Noticed Natasha
  1597 | D:3      | Killed Natasha
  2087 | D:4      | Reached skill level 7 in Unarmed Combat
  2229 | D:4      | Reached XP level 7. HP: 58/62 MP: 6/6
  2600 | D:5      | Entered Level 5 of the Dungeon
  2643 | D:5      | Reached skill level 8 in Unarmed Combat
  2773 | D:5      | Noticed Sigmund
  2790 | D:5      | Killed Sigmund
  2984 | D:5      | Reached skill level 9 in Unarmed Combat
  2986 | D:5      | Reached XP level 8. HP: 38/70 MP: 7/7
  3316 | D:6      | Noticed Prince Ribbit
  3326 | D:6      | Killed Prince Ribbit
  3480 | D:6      | Reached skill level 10 in Unarmed Combat
  3848 | D:6      | Found a staircase to the Ecumenical Temple.
  3884 | D:6      | Found a basalt altar of Yredelemnul.
  4319 | D:7      | Reached skill level 5 in Throwing
  4433 | D:7      | Reached XP level 9. HP: 82/84 MP: 8/8
  4594 | D:7      | Reached skill level 5 in Fighting
  4632 | D:7      | Found a blossoming altar of Fedhas.
  4731 | Temple   | Entered the Ecumenical Temple
  4959 | Temple   | Became a worshipper of Warmaster Okawaru
  5107 | D:7      | Found a runed translucent door.
  5108 | D:7      | Noticed Crazy Yiuf
  5383 | D:7      | Found a blossoming altar of Fedhas.
  5586 | D:7      | Killed Crazy Yiuf
  5950 | D:8      | Reached * piety under Okawaru
  5975 | D:8      | Noticed a two-headed ogre
  5981 | D:8      | Killed a two-headed ogre
  5982 | D:8      | Reached XP level 10. HP: 96/102 MP: 9/9
  6041 | D:8      | Found a shimmering blue altar of Sif Muna.
  6145 | D:8      | Found an opulent altar of Gozag.
  6212 | D:8      | Noticed Maurice
  6216 | D:8      | Killed Maurice
  6391 | D:9      | Reached ** piety under Okawaru
  6587 | D:9      | Noticed a two-headed ogre
  6596 | D:9      | Killed a two-headed ogre
  6736 | D:9      | Noticed a white ugly thing
  6751 | D:9      | Killed a white ugly thing
  6752 | D:9      | Reached skill level 5 in Dodging
  6830 | D:9      | Reached *** piety under Okawaru
  6830 | D:9      | Received a gift from Okawaru
  6992 | D:10     | Entered Level 10 of the Dungeon
  7049 | D:10     | Noticed a two-headed ogre
  7201 | D:10     | Killed a two-headed ogre
  7274 | D:10     | Reached XP level 11. HP: 111/111 MP: 10/10
  7651 | D:10     | Reached **** piety under Okawaru
  7784 | D:10     | Found a staircase to the Lair.
  7885 | D:11     | Noticed a two-headed ogre
  7890 | D:11     | Killed a two-headed ogre
  7890 | D:11     | Received a gift from Okawaru
  7946 | D:11     | Noticed an ogre mage
  7951 | D:11     | Noticed a four-headed hydra
  7953 | D:11     | Slain by a cyclops

Illustrated notes

Levels and vault maps discovered:
D:1:      minmay_arrival_doors, layout_loops_ring, patterned_corridor
D:2:      layout_rooms, minmay_tetromino_i2
D:3:      layout_rooms, hex_tiny, corexii_corridor_pit,
          hangedman_abyss_or_decor_stabs, uniq_natasha, uniq_purgy
D:4:      layout_layer_cave, serial_undead, serial_undead_d, serial_undead_b,
          serial_undead_e, serial_undead_c
D:5:      layout_loops_ring, uniq_sigmund
D:6:      layout_loops_corners, kennysheep_mini_moat,
          minmay_temple_entry_statues_pillars, uniq_prince_ribbit1
D:7:      layout_loops_ring, old_standard_altar, basic_altar,
          uniq_crazy_yiuf_cottage
D:8:      layout_loops_cross, nicolae_overflow_hidden_temple, uniq_maurice
D:9:      layout_rooms
D:10:     layout_roguey, erik_lair_dragon
D:11:     layout_irregular_city, erik_orc_2, st_stairs_5, minmay_bent
Temple:   eino_narrow_crystal_temple

Skill      XL: |  1  2  3  4  5  6  7  8  9 10 11 |
---------------+----------------------------------+-----
Unarmed Combat | 1 2 3 5 7 9 10 | 10.0
Throwing       | 5 6 7 |  7.0
Fighting       | 4 7 8 |  8.2
Dodging        | 6 8 |  8.0
Stealth        | |  0.3

Action                   |  1- 3 |  4- 6 |  7- 9 | 10-12 || total
-------------------------+-------+-------+-------+-------++-------
Melee: Unarmed           |    91 |   155 |   369 |   213 ||   828
       Punch             |       |     5 |    15 |     6 ||    26
Throw: Throwing net      |       |       |       |     1 ||     1
Invok: Heroism           |       |       |       |     1 ||     1
  Use: Scroll            |       |       |    21 |     1 ||    22
       Potion            |       |       |     1 |     2 ||     3
 Stab: Distracted        |     1 |       |       |       ||     1
       Sleeping          |     1 |       |       |       ||     1
Armor: Robe              |    46 |    73 |   119 |    14 ||   252
       Troll leather arm |       |       |       |    66 ||    66
Dodge: Dodged            |    43 |    82 |   196 |   103 ||   424
       Repelled          |       |       |     1 |       ||     1

Table legend: (Time is in decaauts)
 A = Elapsed time spent in this place.
 B = Non-inter-level travel time spent in this place.
 C = Inter-level travel time spent in this place.
 D = Time resting spent in this place.
 E = Time spent auto-exploring this place.
 F = Levels seen in this place.
 G = Mean time per level.
                   A        B        C        D        E       F      G
               +--------+--------+--------+--------+--------+-----+--------+
         Total |   7859 |   7390 |    469 |    552 |   5229 |  12 |  654.9 |
       Dungeon |   7615 |   7189 |    426 |    552 |   5029 |  11 |  692.3 |
        Temple |    243 |    201 |     42 |      0 |    200 |   1 |  243.0 |
               +--------+--------+--------+--------+--------+-----+--------+

Top non-repeatable levels by time:
     D:7: 1243 daAuts
     D:4: 1001 daAuts
     D:6: 870 daAuts
     D:9: 778 daAuts
    D:10: 762 daAuts
     D:8: 669 daAuts
     D:1: 665 daAuts
     D:5: 636 daAuts
     D:2: 479 daAuts
     D:3: 444 daAuts
  Temple: 243 daAuts
    D:11: 63 daAuts
